 Dungeon Crawl Stone Soup version 0.27.1-33-g824d729ab1 (webtiles) character file.

Game seed: 14900566144911910611

142 zygocact the Shield-Bearer (level 5, -9/49 HPs)
             Began as a Deep Dwarf Fighter on Dec 15, 2021.
             Was a Follower of Qazlal.
             Mangled by Sigmund (10 damage)
             ... on level 3 of the Dungeon.
             The game lasted 00:13:31 (1733 turns).

zygocact the Shield-Bearer (Deep Dwarf Fighter)     Turns: 1733, Time: 00:13:32

Health: -9/49      AC:  7    Str: 25    XL:     5   Next: 3%
Magic:  5/5        EV: 10    Int: 10    God:    Qazlal [*.....]
Gold:   100        SH:  2    Dex: 12    Spells: 5/5 levels left

rFire    . . .     SeeInvis .   d - +5 quarterstaff (chaos)
rCold    + . .     Faith    .   (shield currently unavailable)
rNeg     . . .     Spirit   .   b - +0 scale mail
rPois    .         Reflect  .   (no helmet)
rElec    .         Harm     .   (no cloak)
rCorr    .         Rampage  .   (no gloves)
Will     .....                  (no boots)
Stlth    ..........             (no amulet)
HPRegen  0.00/turn              h - +6 ring of strength
MPRegen  0.09/turn              l - ring of protection from cold

@: mighty, brilliant, lethally poisoned (-9 -> -9)
A: damage resistance, heal wounds, sense surroundings 1, no regeneration
a: Heal Wounds, Renounce Religion


You were on level 3 of the Dungeon.
You worshipped Qazlal.
Qazlal was aware of your devotion.
You visited 1 branch of the dungeon, and saw 3 of its levels.

You collected 100 gold pieces.

Inventory:

Hand Weapons
 a - a +1 war axe
 d - a +5 quarterstaff of chaos (weapon)
Armour
 b - a +0 scale mail (worn)
 c - a +0 kite shield
 g - a +0 cloak
Jewellery
 h - a +6 ring of strength (left hand)
 l - a ring of protection from cold (right hand)
Potions
 e - a potion of brilliance
 f - 2 potions of curing {unknown}
 i - 2 potions of magic {unknown}
 j - a potion of ambrosia {unknown}


   Skills:
 + Level 3.0 Fighting
 + Level 3.2(3.3) Axes
 * Level 0.5(1.9) Maces & Flails
 + Level 3.7 Armour
 + Level 1.1 Dodging
 + Level 4.3 Shields
 * Level 0.8 Spellcasting
 * Level 1.7 Invocations


You had 5 spell levels left.
You didn't know any spells.
Your spell library contained the following spells:

 Spells                   Type           Power      Damage    Failure   Level
 Slow                     Hex            0%         N/A       77%         2
 Confusing Touch          Hex            0%         N/A       94%         3
 Vampiric Draining        Necr           0%         2d6       94%         3


Dungeon Overview and Level Annotations

Branches:
Dungeon (3/15)

Altars:
Fedhas
Qazlal

Annotations:
D:3 Sigmund


Innate Abilities, Weirdness & Mutations

You are resistant to damage.
You can heal yourself by infusing magical energy.
You passively map a small area around you.
You do not regenerate.


Message History

Okay, then.
You aren't carrying any scrolls.
You don't know any spells.
Okay, then.
Sigmund casts a spell at you.
You easily resist.
Sigmund points at you and mumbles some strange words.
The magic dart hits you.
The giant cockroach bites you but does no damage.
You hit the giant cockroach. You burn the giant cockroach.
You kill the giant cockroach!
Qazlal accepts your kill.
Sigmund hits you from afar with a +6 scythe of venom.
You are poisoned.
You feel very mighty all of a sudden. Sigmund gestures at you while chanting.
You are confused.
Sigmund hits you with a +6 scythe of venom!
You are more poisoned.
You barely miss Sigmund.
You feel very sick.
Sigmund hits you with a +6 scythe of venom!
* * * LOW HITPOINT WARNING * * *
You are more poisoned.
* * * LOW HITPOINT WARNING * * *
You feel extremely sick.
Sigmund gestures wildly while chanting.
Sigmund flickers and vanishes!
Deactivating autopickup; reactivate with Ctrl-A.
You are too confused!
You are too confused!
Okay, then.
You feel less confused.
* * * LOW HITPOINT WARNING * * *
You feel very sick.
You aren't carrying any scrolls.
It was a potion of brilliance.
You feel clever all of a sudden. Something hits you!
You die...

, ........ ,
....#..* ,
.....# * ,
#....# #* * ,
* * #....
#..,, *
,...##...#** *
*#......#* *
#..#####..## *
.......@...# *
* , *
#.##...○##.##
* ,
####.##$.#* ≈≈
#...#.# ,.≈≈ *
###.#.# ..._≈
, ,
#.#.###...≈≈
**, * *
#.#........ *
####.....#...#
, * #.......##
...


There were no monsters in sight!

Vanquished Creatures
  Crazy Yiuf (D:2)
  3 adders
  4 gnolls (D:3)
  A dart slug (D:1)
  5 ball pythons
  2 endoplasms
  4 giant cockroaches
  3 goblins (D:1)
  5 hobgoblins
  4 jackals (D:1)
  3 kobolds (D:1)
  2 quokkas
  5 bats
  A frilled lizard (D:1)
  5 rats
48 creatures vanquished.

Notes
Turn   | Place    | Note
-------+----------+-------------------------------------------
     0 | D:1      | zygocact the Deep Dwarf Fighter began the quest for the
                  | Orb.
     0 | D:1      | Reached XP level 1. HP: 20/20 MP: 1/1
    87 | D:1      | Reached XP level 2. HP: 25/27 MP: 2/2
   287 | D:1      | Found a faded altar of an unknown god.
   292 | D:1      | Became a worshipper of Qazlal Stormbringer
   292 | D:1      | Reached * piety under Qazlal
   324 | D:1      | Reached XP level 3. HP: 32/33 MP: 3/3
   762 | D:2      | Reached skill level 4 in Shields
   762 | D:2      | Reached skill level 1 in Invocations
   921 | D:2      | Found a runed translucent door.
   922 | D:2      | Noticed Crazy Yiuf
   933 | D:2      | Killed Crazy Yiuf
   934 | D:2      | Reached XP level 4. HP: 27/42 MP: 0/4
  1699 | D:3      | Reached skill level 1 in Dodging
  1706 | D:3      | Found a blossoming altar of Fedhas.
  1711 | D:3      | Reached XP level 5. HP: 26/49 MP: 5/5
  1719 | D:3      | Noticed Sigmund
  1732 | D:3      | HP: 1/49 [poisoned by Sigmund]
  1733 | D:3      | Mangled by Sigmund

Illustrated notes

Levels and vault maps discovered:
D:1:      dpeg_arrival_fog, layout_loops_ring, basic_ecumenical_altar
D:2:      layout_loops_ring, columned_hall_lemuel, uniq_crazy_yiuf_cottage
D:3:      layout_rooms, fedhas_altar_2, uniq_jessica, uniq_sigmund, uniq_robin

Skill      XL: |  1  2  3  4 |
---------------+-------------+-----
Axes           | 3 |  3.2
Shields        | 4 |  4.3
Invocations    | 1 |  1.7
Fighting       | 3 |  3.0
Dodging        | 1 |  1.1
Maces & Flails | |  0.5
Armour         | |  3.7
Spellcasting   | |  0.8

Action                   |  1- 3 |  4- 6 || total
-------------------------+-------+-------++-------
Melee: War axe           |   106 |       ||   106
       Quarterstaff      |       |    34 ||    34
 Abil: Heal Wounds       |     3 |     2 ||     5
  Use: Scroll            |     2 |     2 ||     4
       Potion            |     1 |     2 ||     3
Armor: Scale mail        |    56 |    12 ||    68
Dodge: Dodged            |    35 |    30 ||    65
Block: Kite shield       |    89 |       ||    89
       Other             |       |     4 ||     4
